[Event "*** Titled Tuesday Blitz"]
[Site "Chess.com"]
[Date "2019.01.01"]
[Round "6"]
[White "xxysoul6"]
[Black "KenanGarayev"]
[Result "0-1"]
[WhiteElo "2897"]
[BlackElo "2857"]
[TimeControl "180+2"]
[EndTime "14:27:22 PST"]
[Termination "KenanGarayev won by resignation"]

1. d4 Nf6 2. c4 e6 3. g3 d5 4. Bg2 Be7 5. Nf3 O-O 6. Nc3 dxc4 7. Ne5 Nc6 8. Bxc6 bxc6 9. Nxc6 Qe8 10. Nxe7+ Qxe7 11. Qa4 c5 12. dxc5 Qxc5 13. Be3 Qc7 14. O-O-O Bb7 15.
f3 Rfc8 16. Rd2 Nd5 17. Bd4 a5 18. Rhd1 Rab8 19. Nxd5 exd5 20. Qa3 Ba8 21. Qc3 f6 22. g4 Qf7 23. h4 a4 24. g5 fxg5 25. Rg1 Rc6 26.
Rxg5 Rg6 27. Be5 Re8 28. Rd1 Rxg5 29. hxg5 Bc6 30. Qd4 a3 31. bxa3 Qe7 32. f4 Ra8 33. Qb2 Qxa3 34. Bxg7 Qe3+ 35. Kb1 Qxf4 36. Ka1 Rb8 37.
Qc3 Re8 38. Bh8 Re7 39. Rb1 Be8 40. Rd1 Bg6 41. Bf6 Rxe2 42. Qa5 Qe4 43. Qd8+ Qe8 44. Qxd5+ Bf7 45. Qa5 c3 46. Qxc3 Rxa2+ 47. Kb1 Qe4+ 48. Kc1 Qf4+ 49. Kb1 Ra8 50. Be5 Qe4+ 51. Kc1 Re8 52. Bf6 Qf4+ 53. Rd2 Qf1+ 54. Kc2 Bg6+ 55. Kb2 Qb1+ 0-1

[Event "*** Titled Tuesday Blitz"]
[Site "Chess.com"]
[Date "2019.01.01"]
[Round "6"]
[White "Kirill_Klukin"]
[Black "c63_amg"]
[Result "0-1"]
[WhiteElo "2594"]
[BlackElo "2691"]
[TimeControl "180+2"]
[EndTime "14:27:26 PST"]
[Termination "c63_amg won by resignation"]

1. d4 Nf6 2. Nf3 e6 3. e3 d5 4. Bd3 c5 5. O-O Nc6 6. b3 Bd6 7. Bb2 O-O 8. Nbd2 b6 9. Ne5 Bb7 10. Nxc6 Bxc6 11. Qe2 Qc7 12. h3 e5 13. dxc5 Bxc5 14. e4 Rfe8 15. Rfe1 Qb7 16. a4 Bb4 17. c3 Bc5 18. b4 Bf8 19. Ba6 Qc7 20. Bb5 Rad8 21.
Rad1 dxe4 22. Qc4 Re6 23. Nf1 Rc8 24. Ne3 g6 25. Qb3 Bb7 26. Bc4 Re7 27. Bc1 Kg7 28. b5 Nd7 29. Bd5 Nc5 30. Qa2 Rd7 31. c4 Rcd8 32.
Ba3 f6 33. Rf1 Nd3 34. Bxf8+ Rxf8 35. f3 Qc5 36. Qe2 Nf4 37. Qf2 exf3 38. Qxf3 Bxd5 39.
cxd5 Rfd8 40. Rc1 Qd4 41. Rfd1 Qxa4 42. Rc6 Qxb5 43. g3 Nh5 44. Nf5+ Kh8 45. Nh6 Rxd5 46. Rxd5 Qxd5 47. Rxf6 Qxf3 48. Rxf3 Kg7 49. Ng4 Rf8 50. Ra3 Rf7 51. Nxe5 Rc7 52. Nc6 Rxc6 53. Ra6 0-1

[Event "*** Titled Tuesday Blitz"]
[Site "Chess.com"]
[Date "2019.01.01"]
[Round "6"]
[White "tarantul1"]
[Black "pulvettd"]
[Result "1-0"]
[WhiteElo "2407"]
[BlackElo "2483"]
[TimeControl "180+2"]
[EndTime "14:27:30 PST"]
[Termination "tarantul1 won by checkmate"]

1. e4 c5 2. Nf3 e6 3. d4 cxd4 4. Nxd4 Nc6 5. Nc3 Qc7 6. Be2 Nf6 7. O-O Be7 8. Be3 O-O 9. f4 d6 10. Kh1 Bd7 11. Nb3 a6 12. a4 b6 13. Bf3 Rab8 14.
Qe2 Bc8 15. Rad1 Na5 16. Nd4 Nc4 17. Bc1 Bb7 18. b3 Na5 19. Bb2 Rbc8 20. Nb1 d5 21.
exd5 Nxd5 22. g3 Bf6 23. c4 Ne7 24. Rd3 Bxf3+ 25. Nxf3 Bxb2 26. Qxb2 Rfd8 27. Rfd1 Rxd3 28. Rxd3 Qb7 29. Kg1 h6 30. Qe2 Nf5 31. Nbd2 b5 32. axb5 axb5 33. cxb5 Rc1+ 34. Kf2 Qb6+ 35. Kg2 Rc2 36.
Kh3 Nb7 37. Ne5 Nc5 38. Qf2 Qa5 39. b4 Qxb4 40. Nc6 Kh7 41. Nxb4 Nxd3 42. Nxd3 h5 43. b6 g5 44. fxg5 Rc3 45. Nf4 Rc2 46. b7 Rb2 47. Qa7 Ne3 48. Qxe3 Rxb7 49. Qe4+ Kg7 50. Qxb7 h4 51. Qe7 hxg3 52. Qf6+ Kg8 53. g6 fxg6 54. Nxe6 g2 55. Qg7# 1-0

[Event "*** Titled Tuesday Blitz"]
[Site "Chess.com"]
[Date "2019.01.01"]
[Round "6"]
[White "Litti"]
[Black "JozefKneht"]
[Result "0-1"]
[WhiteElo "2502"]
[BlackElo "2522"]
[TimeControl "180+2"]
[EndTime "14:27:33 PST"]
[Termination "JozefKneht won by resignation"]

1. e4 Nf6 2. e5 Nd5 3. d4 d6 4. Nf3 Bg4 5. Be2 e6 6. h3 Bh5 7. g4 Bg6 8. h4 h5 9. g5 Nb4 10. Na3 N8c6 11. exd6 Bxd6 12. c3 Nd5 13. Nc4 Nf4 14.
Nxd6+ Qxd6 15. Bxf4 Qxf4 16. Qd2 Qxd2+ 17. Kxd2 O-O-O 18. Bb5 Be4 19. Bxc6 Bxc6 20. Rh3 Be4 21. Ne5 Rhf8 22. Ke3 Bf5 23. Rg3 f6 24. gxf6 gxf6 25. Ng6 Rfe8 26. Nf4 e5 27. dxe5 fxe5 28. Nxh5 Rd3+ 29.
Ke2 Rxg3 30. Nxg3 Bh7 31. Rd1 Rf8 32. Rd5 Bg8 33. Rxe5 Bxa2 34. h5 Rf4 35. h6 Bb1 36. Ke3 Rf7 37. Rg5 Kd7 38. f4 b6 39. f5 Ke7 40. Kf4 a5 41. Rg7 Rxg7 42. hxg7 Kf7 43. Nh5 b5 44. Kg5 c5 45. f6 b4 46. Ng3 bxc3 47. bxc3 a4 48. Ne2 a3 49. Nc1 a2 50.
Nxa2 Bxa2 51. Kf5 Kg8 52. Ke5 Bf7 53. Kd6 c4 54. Ke7 Bg6 55. Ke6 Bh5 56. Ke7 Bf7 57. Kd6 Kh7 58. Ke7 Kg6 59. Kf8 Kxf6 60. g8=Q Bxg8 61.
Kxg8 Ke5 62. Kf7 Ke4 63. Ke6 Kd3 0-1

[Event "*** Titled Tuesday Blitz"]
[Site "Chess.com"]
[Date "2019.01.01"]
[Round "6"]
[White "sunloong"]
[Black "Andrew-FB00"]
[Result "1/2-1/2"]
[WhiteElo "1884"]
[BlackElo "1806"]
[TimeControl "180+2"]
[EndTime "14:27:33 PST"]
[Termination "Game drawn by repetition"]

1. e4 e5 2. Nf3 Nc6 3. Bb5 a6 4.
Ba4 Nf6 5. O-O b5 6. Bb3 Bc5 7. c3 d6 8. d4 Bb6 9. dxe5 dxe5 10. Qxd8+ Nxd8 11. Nxe5 Nxe4 12. Bd5 Bb7 13. Bxb7 Nxb7 14. Nd2 Nxd2 15. Bxd2 f6 16. Nc6 Kd7 17. Nb4 c6 18.
Rad1 Ke7 19. Nxc6+ Kf7 20. Be3 Bxe3 21. Rd7+ Kg6 22.
Rxb7 Bc5 23. b4 Rac8 24. Na5 Bd6 25. g3 Rxc3 26. Rd1 Bxb4 27. Nb3 Rhc8 28. Rdd7 Bf8 29.
Nd4 Rd3 30. Ne6 Rxd7 31. Rxd7 Re8 32. Nxf8+ Rxf8 33. Ra7 Rc8 34. Rxa6 Rc1+ 35. Kg2 Rc2 36. a3 Rc3 37. Ra5 h6 38. h4 Kf7 39. g4 Rc4 40. f3 Ra4 41. Rxb5 Rxa3 42. Rb7+ Kg6 43. Kg3 Ra5 44.
h5+ Kh7 45. Rc7 Rb5 46. Ra7 Rc5 47. Rb7 Rd5 48. Kf4 Ra5 49. Kg3 Rc5 50. Ra7 Rb5 51. Rc7 Ra5 52. Kf4 Rb5 53. Kg3 Ra5 54. Kf4 Rb5 55.
Kg3 Ra5 1/2-1/2

[Event "*** Titled Tuesday Blitz"]
[Site "Chess.com"]
[Date "2019.01.01"]
[Round "6"]
[White "Chessialist"]
[Black "Alexander_Moskalenko"]
[Result "1-0"]
[WhiteElo "2549"]
[BlackElo "2802"]
[TimeControl "180+2"]
[EndTime "14:27:37 PST"]
[Termination "Chessialist won by resignation"]

1. c4 e6 2. g3 d5 3. Bg2 Nf6 4. Nf3 Be7 5. O-O O-O 6. Qc2 b6 7.
d4 c6 8. Nbd2 Ba6 9. b3 Nbd7 10.
Bb2 Rc8 11. Rac1 c5 12. dxc5 Bxc5 13. Qb1 Qe7 14. Qa1 Rfd8 15. Rfd1 dxc4 16. Nxc4 Ne4 17. e3 Ndf6 18. Nfe5 Bb7 19. Rxd8+ Rxd8 20. Rd1 Bd5 21. Bd4 Bxc4 22. Nxc4 Bxd4 23. Rxd4 Nc5 24. Ne5 Rxd4 25. Qxd4 Qc7 26. h3 a5 27. Nc4 Ncd7 28. g4 h6 29. Nd6 Kf8 30. Nb5 Qc1+ 31. Kh2 Qc5 32. Qxc5+ Nxc5 33.
Kg3 Ke7 34. f4 Nfe4+ 35. Bxe4 Nxe4+ 36. Kf3 f5 37. Nd4 g6 38. h4 h5 39. g5 Kd6 40.
a3 Kd5 41. Ke2 Nc5 42. b4 axb4 43. axb4 Na6 44. b5 Nc7 45. Kd3 e5 46. fxe5 Kxe5 47. Nc6+ Kd5 48. Ne7+ Kd6 49. Nxg6 Nxb5 50. Nf4 Nc7 51.
Nxh5 b5 52. Nf4 Ke5 53. h5 Ne8 54. h6 Nd6 55. h7 Nf7 56. g6 Nh8 57. g7 Nf7 58. g8=Q 1-0

[Event "*** Titled Tuesday Blitz"]
[Site "Chess.com"]
[Date "2019.01.01"]
[Round "6"]
[White "Anahita_Gholami"]
[Black "Siemba"]
[Result "1-0"]
[WhiteElo "2686"]
[BlackElo "2121"]
[TimeControl "180+2"]
[EndTime "14:27:43 PST"]
[Termination "Anahita_Gholami won by resignation"]

1. d4 Nf6 2. c4 g6 3. Nc3 Bg7 4. g3 O-O 5. Bg2 d6 6. Nf3 Nbd7 7. O-O e5 8. e4 exd4 9. Nxd4 Re8 10. Re1 a6 11. Be3 Rb8 12. h3 Ne5 13. b3 c5 14.
Nc2 Nc6 15. Qd2 b5 16. Rad1 b4 17. Nd5 Nxe4 18. Bxe4 Rxe4 19. Bg5 Rxe1+ 20. Rxe1 f6 21. Bxf6 Qf8 22. Bxg7 Kxg7 23. Kg2 Bf5 24. g4 Bxc2 25. Qxc2 Re8 26. Re4 Nd4 27. Qd3 Re5 28. Rxe5 dxe5 29. Qe4 Qd6 30. h4 h6 31. Ne3 Ne6 32. Qb7+ Kg8 33.
Qd5 Qxd5+ 34. Nxd5 Kf7 35. Kf3 Nd8 36. Ke4 Nc6 37. Nb6 Ke6 38. Nd5 Nd8 39. f4 exf4 40. Nxf4+ Kf7 41. Nd3 Ne6 42. Kd5 Kf6 43. Nxc5 Nf4+ 44.
Ke4 Ng2 45. Nxa6 Nxh4 46. Nxb4 Kg5 47. c5 Kxg4 48. c6 Nf5 49. Nd5 h5 50. Ke5 h4 51.
c7 h3 52. c8=Q h2 53. Qc1 Ng3 54. Ne3+ Kh3 55. Qc8+ Nf5 56. Nxf5 h1=Q 57. Qh8+ 1-0

[Event "*** Titled Tuesday Blitz"]
[Site "Chess.com"]
[Date "2019.01.01"]
[Round "6"]
[White "FelixBlohberger"]
[Black "Alopekos"]
[Result "1-0"]
[WhiteElo "2586"]
[BlackElo "2468"]
[TimeControl "180+2"]
[EndTime "14:27:47 PST"]
[Termination "FelixBlohberger won by resignation"]

1. c4 e5 2. Nc3 Nc6 3. e3 Nf6 4. Nf3 d5 5. cxd5 Nxd5 6. Bb5 Nxc3 7. bxc3 Bd6 8. d4 exd4 9. cxd4 O-O 10. O-O Bf5 11.
a4 Nb4 12. Ba3 c6 13. Bc4 a5 14. Rc1 Qf6 15. Qb3 Rae8 16. Ne5 Bxe5 17. dxe5 Qxe5 18. Bxb4 axb4 19. Qxb4 Re7 20. Bb3 Rd8 21. Rfd1 Red7 22.
Qxb7 Rxd1+ 23. Rxd1 Rxd1+ 24. Bxd1 h5 25. h3 Qa1 26. Qb3 Be6 27. Qc2 Bf5 28. Qxf5 Qxd1+ 29.
Kh2 Qxa4 30. Qxh5 Qb5 31. Qg4 Qe5+ 32. g3 c5 33. Qc8+ Kh7 34. h4 g6 35. Kg2 Qe4+ 36. Kg1 Qb1+ 37. Kh2 Qc2 38. Kg1 Qb1+ 39. Kg2 Qe4+ 40.
Kf1 Qb1+ 41. Ke2 Qc2+ 42. Kf3 c4 43. Qd7 Kg7 44. Qd4+ Kh7 45. Qd5 Kg7 46. Qd4+ Kh7 47. Qd5 Kg7 48. h5 gxh5 49. Qd4+ Kg6 50. Qe4+ Qxe4+ 51. Kxe4 Kg5 52. f3 f5+ 53. Kd4 h4 54. gxh4+ Kxh4 55. Kxc4 Kg3 56. f4 Kg4 57. Kd4 Kf3 58.
Ke5 1-0

[Event "*** Titled Tuesday Blitz"]
[Site "Chess.com"]
[Date "2019.01.01"]
[Round "6"]
[White "Daniela_Movileanu"]
[Black "enriquetejedor"]
[Result "1-0"]
[WhiteElo "2506"]
[BlackElo "2537"]
[TimeControl "180+2"]
[EndTime "14:27:49 PST"]
[Termination "Daniela_Movileanu won by checkmate"]

1. e4 e6 2. d4 d5 3. e5 c5 4. c3 cxd4 5. cxd4 Nc6 6. Nf3 Bb4+ 7. Bd2 Bxd2+ 8. Qxd2 Qb6 9. Be2 Nge7 10. O-O Nf5 11. Rd1 O-O 12. Nc3 Bd7 13. a3 Na5 14. Qc2 Rac8 15. b4 Nc4 16. Qb3 Rc7 17. Rac1 Rfc8 18. g4 Ne7 19. Na2 Ng6 20. Ng5 Nf4 21. Bf1 h6 22. Nh3 Nxh3+ 23. Qxh3 a5 24. Bd3 Nxa3 25. Rxc7 Rxc7 26. g5 g6 27. gxh6 Qxd4 28. h7+ Kh8 29. Qf3 Qxe5 30. Qxf7 Qg7 31. Qf4 Ba4 32. Re1 Rf7 33. Qg3 Bd7 34. bxa5 Kxh7 35. Re5 Rf6 36. Rg5 Nc4 37. Nc3 Nxa5 38. Ne2 Qh6 39. Nf4 Rxf4 40. Qxf4 Qg7 41. Bxg6+ Qxg6 42. Rxg6 Kxg6 43. Qc7 Bc6 44. Qxa5 e5 45. Qc7 Kf6 46. h4 d4 47. h5 d3 48.
Qd6+ Kf5 49. Qxd3+ Kg5 50. Qg6+ Kf4 51. Qg3+ Kf5 52.
h6 Ke4 53. h7 Kd4 54. h8=Q Kc5 55. Qhxe5+ Kb6 56. Qb3+ Ka7 57. Qa3+ Ba4 58. Qxa4+ Kb6 59. Qaa5+ Kc6 60. Qab5# 1-0

[Event "*** Titled Tuesday Blitz"]
[Site "Chess.com"]
[Date "2019.01.01"]
[Round "6"]
[White "Zarikovs1999"]
[Black "JMatias"]
[Result "0-1"]
[WhiteElo "2255"]
[BlackElo "2350"]
[TimeControl "180+2"]
[EndTime "14:27:53 PST"]
[Termination "JMatias won by checkmate"]

1. e4 e6 2. d4 d5 3. Bd3 dxe4 4. Bxe4 Nf6 5. Bf3 c5 6. Ne2 Nc6 7. Be3 cxd4 8. Nxd4 Ne5 9. Be2 Be7 10. Nc3 O-O 11.
O-O a6 12. h3 Qc7 13. Nf3 Nc4 14. Bxc4 Qxc4 15. Qd4 Qxd4 16. Bxd4 Bd7 17. Rfd1 Rfd8 18. Ne5 Be8 19. Bb6 Rxd1+ 20. Rxd1 Rc8 21. g3 Bb4 22. Rd8 Rxd8 23. Bxd8 Nd7 24. Nd3 Bd6 25. Ne4 Bf8 26. Bc7 f6 27. Nd6 Bxd6 28. Bxd6 Bg6 29. Kf1 Bxd3+ 30.
cxd3 Kf7 31. Ke2 e5 32. Bb4 Ke6 33. Bd2 Kd5 34. Be3 f5 35. Kd2 h6 36. h4 Nf6 37.
Bb6 Nd7 38. Be3 Nf6 39. Bb6 f4 40. gxf4 exf4 41. Bc7 g5 42. hxg5 hxg5 43. Bd8 Nh7 44. Ke2 Ke5 45. Kf3 Kf5 46. Ke2 g4 47. a4 Nf6 48.
Bc7 Nd5 49. Bd6 Nb6 50. b3 Nd5 51. Bc5 Ke5 52. Ba7 b6 53. Bb8+ Kd4 54. Bd6 Kc3 55. Be5+ Kxb3 56. d4 Kc4 57. Bg7 b5 58. axb5 axb5 59.
Kd2 b4 60. Be5 b3 61. Kc1 Kc3 62. Kb1 b2 63. Bg7 Kb3 64. Be5 Nc3# 0-1

[Event "*** Titled Tuesday Blitz"]
[Site "Chess.com"]
[Date "2019.01.01"]
[Round "6"]
[White "Kostya_Nikologorskiy"]
[Black "RajdeepS"]
[Result "1-0"]
[WhiteElo "2385"]
[BlackElo "2499"]
[TimeControl "180+2"]
[EndTime "14:27:57 PST"]
[Termination "Kostya_Nikologorskiy won by resignation"]

1. d4 e6 2. c4 b6 3. Nc3 Bb7 4. Nf3 Nf6 5. g3 Bxf3 6. exf3 d5 7. cxd5 Nxd5 8. Bb5+ c6 9. Ba4 Be7 10. O-O O-O 11.
Ne4 b5 12. Bc2 Nd7 13. f4 N7f6 14. Ng5 h6 15. Nf3 Rc8 16. a3 a5 17. Qe2 Qb6 18. Be3 Nxe3 19. Qxe3 Rfe8 20. Ne5 c5 21. dxc5 Bxc5 22.
Qe2 Bd4 23. Bd3 b4 24. Rac1 Nd5 25. a4 Bxe5 26. Qxe5 Nf6 27. h3 Red8 28. Rxc8 Rxc8 29. Rd1 Rd8 30. b3 Rd5 31. Qe2 Qd8 32. Bc2 Rxd1+ 33. Bxd1 Nd5 34. Qc4 Nxf4 35. Bg4 Nd5 36. Bf3 Nc3 37. Kg2 e5 38. h4 Qe7 39. Qc8+ Kh7 40. h5 e4 41. Qf5+ Kg8 42. Qc8+ Qf8 43. Bg4 Qxc8 44.
Bxc8 Kf8 45. g4 Ke7 46. Ba6 Kd6 47. Bc4 f6 48. f3 Ke5 49. fxe4 Nxe4 50. Kf3 Kd4 51. Kf4 Nd2 52. Bf7 Kc3 53. Kf5 Nxb3 54. Kg6 Nd2 55. Kxg7 b3 56. Kxh6 b2 57. Ba2 Kb4 58. Kg7 Ka3 59. Bb1 Nxb1 60. h6 Nc3 61. h7 b1=Q 62. h8=Q Nxa4 63. Qc8 Qb4 64. Kxf6 Qxg4 65.
Qxg4 1-0

[Event "*** Titled Tuesday Blitz"]
[Site "Chess.com"]
[Date "2019.01.01"]
[Round "6"]
[White "Vamostodorecto"]
[Black "talento10"]
[Result "1-0"]
[WhiteElo "2404"]
[BlackElo "2523"]
[TimeControl "180+2"]
[EndTime "14:27:57 PST"]
[Termination "Vamostodorecto won by resignation"]

1. d4 Nf6 2. c4 g6 3. Nc3 Bg7 4. e4 d6 5. Be2 O-O 6. Nf3 e5 7. O-O Nc6 8. d5 Ne7 9. Ne1 Nd7 10. Be3 f5 11. f3 f4 12. Bf2 g5 13. Rc1 Rf6 14.
c5 Rh6 15. cxd6 cxd6 16. Nb5 Qe8 17. Kh1 Qh5 18. Bg1 Nf8 19. Nd3 a6 20. Nc7 Rb8 21.
Nf2 Qf7 22. Ng4 Bxg4 23. fxg4 Nd7 24. Ne6 Qe8 25. Nxg5 Nf6 26. Bf3 Qg6 27. Ne6 Nxe4 28. Bxe4 Qxe4 29. Rc7 Bf8 30. Qb1 Qxb1 31. Rxb1 Nxd5 32.
Nxf8 Nxc7 33. Nd7 Rd8 34. g5 Re6 35. Nf6+ Kg7 36. Bb6 Rc8 37. Rc1 e4 38. Rxc7+ Rxc7 39. Bxc7 e3 40. Ba5 e2 41. Be1 Re5 42. h4 Rc5 43.
Kg1 Rc2 44. Nd5 Kf7 45. Bc3 Ke6 46. Nxf4+ Kf5 47. Nd3 d5 48. Kf2 Ke4 49. Ne1 Rc1 50. Kxe2 d4 51. Bd2 Rc8 52. Nd3 b5 53. Nf2+ Kd5 54.
h5 Rc2 55. Nd3 Rc8 56. g6 hxg6 57. Nf4+ Ke4 58. hxg6 Rg8 59. g4 d3+ 60. Kf2 Rc8 61. g7 Rg8 62. Nh5 Ke5 63. g5 Ke6 64. Ke3 Kf5 65.
Kxd3 Kg6 66. Nf6 Rxg7 67. Kc3 Rd7 68. Nxd7 1-0

[Event "*** Titled Tuesday Blitz"]
[Site "Chess.com"]
[Date "2019.01.01"]
[Round "6"]
[White "Caminator2000"]
[Black "Manukyan_Artak"]
[Result "1/2-1/2"]
[WhiteElo "2394"]
[BlackElo "2394"]
[TimeControl "180+2"]
[EndTime "14:27:58 PST"]
[Termination "Game drawn by repetition"]

1. d4 e6 2. c4 d5 3. Nf3 Nf6 4. g3 dxc4 5. Bg2 c6 6. O-O Nbd7 7. a4 a5 8. Qc2 Nb6 9. Nbd2 Bb4 10. Nxc4 Nxc4 11.
Qxc4 Qd5 12. Qc2 Qf5 13. Qxf5 exf5 14. Ne5 O-O 15. Nd3 Be6 16. Nxb4 axb4 17. Bd2 b3 18. Rfc1 Rfd8 19. e3 Ne4 20. Bb4 Bd5 21. a5 f6 22.
Ra3 Kf7 23. Rca1 Ra6 24. Bf1 Ra7 25. Bc5 Nxc5 26. dxc5 Rda8 27. Be2 Ke6 28. Bd1 g5 29. Bxb3 Bxb3 30. Rxb3 Rxa5 31. Rxa5 Rxa5 32. Rxb7 Rxc5 33.
Rxh7 Rb5 34. h4 gxh4 35. gxh4 Rxb2 36. h5 Rb8 37. Kf1 Rc8 38. Ke2 c5 39. Kd3 c4+ 40. Kc3 f4 41. exf4 Kf5 42. Rg7 Rh8 43.
Kxc4 Rxh5 44. Kd3 Kxf4 45. Ke2 f5 46. Rg3 Rh4 47. Rf3+ Ke4 48. Re3+ Kd5 49. Rd3+ Ke5 50. Re3+ Kf6 51. Kf3 Ra4 52. Kg2 Kg5 53. Rg3+ Kf4 54.
Rf3+ Ke4 55. Re3+ Kd5 56. Rf3 Ke5 57. Re3+ Kf6 58. Rh3 Rg4+ 59. Rg3 Rh4 60. Rh3 Ra4 61. Rg3 Ra7 62. Rb3 Kg5 63. Rg3+ Kf6 64. Rb3 Ra4 65.
Rb6+ Kg5 66. Rb3 Rc4 67. Rg3+ Kf6 68. Rb3 Rd4 69. Rb6+ Kg5 70. Rb3 Rc4 71. Rg3+ Kf6 72. Rf3 Kg5 73. Rg3+ Kf6 1/2-1/2

[Event "*** Titled Tuesday Blitz"]
[Site "Chess.com"]
[Date "2019.01.01"]
[Round "6"]
[White "Morshynska"]
[Black "gemarin"]
[Result "0-1"]
[WhiteElo "2086"]
[BlackElo "2085"]
[TimeControl "180+2"]
[EndTime "14:27:59 PST"]
[Termination "gemarin won by resignation"]

1. d4 d5 2. c4 c6 3. Nf3 Nf6 4. e3 Nbd7 5. Nc3 e6 6. b3 Bd6 7.
Bb2 O-O 8. Be2 dxc4 9. Bxc4 e5 10. Qc2 Qe7 11. dxe5 Nxe5 12. Nxe5 Bxe5 13. h3 Bc7 14. Rd1 Be6 15. Ne2 Ba5+ 16. Bc3 Bxc4 17. Bxa5 Bxe2 18. Qxe2 Qa3 19. Bc3 Nd5 20. Bd4 Rfd8 21. O-O c5 22. Ba1 Ne7 23. Qg4 Ng6 24. h4 Qb4 25. Qg5 Qxh4 26.
Qxh4 Nxh4 27. g4 Ng6 28. Kg2 b6 29. f4 Nf8 30. Kf3 Ne6 31. e4 f6 32. e5 fxe5 33. Bxe5 Kf7 34. Ke4 Nf8 35. f5 Nd7 36. Bc3 Nf6+ 37.
Kf4 h6 38. Be5 Nd5+ 39. Kg3 Ne3 40. Rxd8 Rxd8 41. Re1 Rd3 42. Kf4 Nc2 43. Re2 Nb4 44. a3 Nc6 45. Bc7 Rd7 46. Be5 Rd5 47. Bb2 Nd4 48. Bxd4 Rxd4+ 49. Ke5 Rxg4 50. Rd2 Rg3 51. Rd7+ Kg8 52. f6 Rg5+ 53. Ke6 Rg6 54. Rxa7 Rxf6+ 55. Ke5 h5 56. b4 cxb4 57. axb4 h4 58. b5 h3 59. Ra3 h2 60. Rh3 Rh6 0-1

[Event "*** Titled Tuesday Blitz"]
[Site "Chess.com"]
[Date "2019.01.01"]
[Round "6"]
[White "nurgyulsalimova"]
[Black "cherryandmint"]
[Result "1-0"]
[WhiteElo "2478"]
[BlackElo "2599"]
[TimeControl "180+2"]
[EndTime "14:28:03 PST"]
[Termination "nurgyulsalimova won by resignation"]

1. b3 e5 2. Bb2 Nc6 3. g3 Nf6 4. Bg2 d5 5. c4 Be6 6. d3 Qd7 7. Nd2 h5 8. h4 Bd6 9. Ngf3 e4 10.
cxd5 Bxd5 11. dxe4 Nxe4 12. Nxe4 Bxe4 13. Bxg7 Rg8 14.
Bc3 O-O-O 15. O-O Qg4 16. Qe1 f5 17. Bf6 Rde8 18. Kh2 f4 19. Bh3 Bxf3 20. Bxg4+ Bxg4 21. e3 Bf3 22. Bg5 Ne5 23. gxf4 Nd3 24. Qc3 Nc5 25. Rac1 Ne4 26. Qa5 a6 27. Qf5+ Kb8 28. Qh3 Bg4 29. Qg2 Nd2 30. f3 Nxf1+ 31. Rxf1 Bd7 32. Qd2 Bc6 33. e4 Bc5 34. e5 b6 35. Kg3 Kb7 36.
Rd1 Rg7 37. b4 Bf8 38. Qd4 Rf7 39. Qc4 Rg7 40. Rc1 Rg6 41. Qf7 Rge6 42. Qf5 Bxb4 43. Qf7 Bc5 44. Bf6 Bd5 45. Qxh5 Rg8+ 46. Bg5 Reg6 47.
Qg4 Rc6 48. Rd1 Bxa2 49. f5 Bb3 50. Rd3 Bc2 51. Rd2 Bb3 52. f6 Be3 53. Rd3 Be6 54. Qh5 Bc1 55. f7 Rf8 56. Bxc1 Rxc1 57. Qh6 Rg1+ 58.
Kf2 Rxf7 59. Kxg1 Bf5 60. Re3 Re7 61. Qg5 Rf7 62. e6 Bxe6 63. Rxe6 Rd7 64. Re8 Ka7 65.
Qg4 Rd6 66. Qc8 Rd1+ 67. Kf2 Rd2+ 68. Ke3 Rd7 1-0

[Event "*** Titled Tuesday Blitz"]
[Site "Chess.com"]
[Date "2019.01.01"]
[Round "6"]
[White "VeraNebolsina"]
[Black "G_Threepwood"]
[Result "1/2-1/2"]
[WhiteElo "2366"]
[BlackElo "2501"]
[TimeControl "180+2"]
[EndTime "14:28:04 PST"]
[Termination "Game drawn - insufficient material"]

1. e4 g6 2. d4 Bg7 3. Nf3 d6 4. Nc3 Nf6 5. Bd3 O-O 6. h3 c6 7. a4 Nbd7 8. O-O e5 9. Be3 Qe7 10. Re1 Re8 11. Qd2 Nf8 12. Rad1 Nh5 13. d5 c5 14. Bf1 Bd7 15. g3 a6 16. a5 Qd8 17.
Ra1 b5 18. axb6 Qxb6 19. b4 f5 20. bxc5 dxc5 21. Reb1 Qd6 22. Ra5 Rec8 23. Bh6 Nf6 24. Bxg7 Kxg7 25. exf5 Bxf5 26. Ng5 h6 27. Nf3 e4 28.
Nh4 N8d7 29. Rb7 Rc7 30. Nb5 axb5 31. Rxc7 e3 32. fxe3 Rxa5 33. Nxf5+ gxf5 34. Qxa5 Qxg3+ 35. Bg2 Qxe3+ 36. Kh1 f4 37. Qxb5 Qe1+ 38. Qf1 Qg3 39. d6 f3 40. Qxf3 Qxd6 41. Rc6 Qd4 42. Qg3+ Kf7 43.
Rc7 h5 44. Qf3 h4 45. Qb3+ Kg7 46. Qd3 Qa1+ 47. Qf1 Qe5 48. Rb7 Qd6 49. Qd3 Qxd3 50.
cxd3 Kg6 51. Be4+ Kg5 52. Kg2 Kf4 53. Bg6 Ke3 54. Rc7 Kd4 55. Kf2 Ne5 56. Bf5 Nd5 57.
Rh7 Nxd3+ 58. Bxd3 Kxd3 59. Rxh4 c4 60. Rxc4 Kxc4 61.
Kf3 Kd4 62. Kg4 Ke5 63. Kg5 Ke6 64. h4 Kf7 65. Kf5 Kg7 66. Ke6 Nf6 67. h5 Nxh5 1/2-1/2

[Event "*** Titled Tuesday Blitz"]
[Site "Chess.com"]
[Date "2019.01.01"]
[Round "6"]
[White "kuli4ik"]
[Black "rasmussvane"]
[Result "0-1"]
[WhiteElo "2800"]
[BlackElo "2726"]
[TimeControl "180+2"]
[EndTime "14:28:12 PST"]
[Termination "rasmussvane won by checkmate"]

1. d4 Nf6 2. Bg5 d5 3. Nf3 c5 4.
dxc5 Ne4 5. Bf4 Nc6 6. Nbd2 Nxc5 7. e3 g6 8. c4 Bg7 9. cxd5 Qxd5 10. Nc4 Be6 11.
Be2 Qxd1+ 12. Rxd1 Bxc4 13. Bxc4 Bxb2 14. Rb1 Bc3+ 15.
Ke2 e5 16. Rhc1 exf4 17. Rxc3 O-O-O 18. Bxf7 b6 19. exf4 Rhf8 20. Bb3 Rxf4 21. Kf1 Kc7 22. Re1 Rdf8 23. Re2 h6 24. h3 g5 25. Bd5 R8f6 26. Bxc6 Kxc6 27. Ne5+ Kb7 28. f3 a5 29. Rcc2 Rd4 30.
Ng4 Rfd6 31. Re7+ Ka6 32. Ree2 Rd1+ 33. Kf2 Nd3+ 34. Kg3 Nf4 35. Rf2 Re6 36. h4 Rh1 37.
Nh2 Nh5+ 38. Kg4 Rxh2 39. hxg5 hxg5 40. Kxg5 Re5+ 41. Kg4 Nf6+ 42. Kf4 Rb5 43. g4 Nd5+ 44. Kg3 Rh7 45. f4 Rb4 46. Rcd2 Nc3 47. Rde2 Nxe2+ 48.
Rxe2 Rf7 49. Rf2 Kb5 50. g5 Ka4 51. Kg4 Ka3 52. g6 Rf8 53. Kg5 Rb1 54. Rg2 Rf1 55. Rg4 Kxa2 56. g7 Rg8 57. Kg6 a4 58. f5 Rxg7+ 59.
Kxg7 Rxf5 60. Rxa4+ Kb3 61. Ra1 b5 62. Kg6 Rc5 63. Kf6 b4 64. Ke6 Kb2 65. Ra8 b3 66.
Kd6 Rc3 67. Kd5 Kb1 68. Kd4 Rc2 69. Kd3 b2 70. Rb8 Rc7 71. Kd2 Rd7+ 72. Kc3 Kc1 73. Rxb2 Rc7+ 74. Kb3 Rb7+ 75. Ka2 Rxb2+ 76. Ka1 Rb3 77.
Ka2 Kc2 78. Ka1 Ra3# 0-1

[Event "*** Titled Tuesday Blitz"]
[Site "Chess.com"]
[Date "2019.01.01"]
[Round "6"]
[White "VNeimer"]
[Black "kjzsdu"]
[Result "1-0"]
[WhiteElo "2423"]
[BlackElo "2515"]
[TimeControl "180+2"]
[EndTime "14:28:15 PST"]
[Termination "VNeimer won by resignation"]

1. Nf3 c5 2. c4 Nc6 3. Nc3 Nf6 4. e3 e6 5. a3 a6 6. d4 d6 7. d5 Ne7 8. Be2 e5 9. e4 g6 10. b4 b6 11. bxc5 bxc5 12. Rb1 Bg7 13. O-O O-O 14. Nd2 Ne8 15. Na4 Ra7 16. Nb6 Bh6 17. Nxc8 Qxc8 18.
Qa4 f5 19. exf5 gxf5 20. Nf3 Bxc1 21. Rfxc1 h6 22. Nh4 Nf6 23. Rb6 Rd8 24. Bd3 e4 25. Bf1 f4 26. Rcb1 f3 27. gxf3 exf3 28. Nxf3 Nexd5 29.
cxd5 Rg7+ 30. Kh1 Qf5 31. Bg2 Ne4 32. R1b2 Rdd7 33. Rb8+ Kh7 34. Qxe4 Qxe4 35. Ng5+ Rxg5 36. Bxe4+ Kg7 37. R2b7 Rxb7 38. Rxb7+ Kf6 39. Rb6 Ke5 40. f3 a5 41. Ra6 Rg8 42. Rxa5 Rb8 43. Kg2 h5 44.
Kg3 Rb2 45. Ra8 Ra2 46. Rh8 Rxa3 47. Rxh5+ Kd4 48. Rh6 Ra6 49. h4 c4 50. Rh7 Ra8 51. h5 Rc8 52. h6 c3 53. Rd7 c2 54. Bxc2 Rxc2 55. Rxd6 Ke5 56. Rd7 Kf5 57. h7 Rc8 58.
Rg7 Rh8 59. d6 Kf6 60. Re7 Rd8 61. Kf4 Rf8 62. Ke4 Ra8 63. f4 Ra4+ 64. Kd5 Ra8 65.
Kc6 Rc8+ 66. Rc7 Rh8 67. d7 Ke6 68. Rc8 1-0

[Event "*** Titled Tuesday Blitz"]
[Site "Chess.com"]
[Date "2019.01.01"]
[Round "6"]
[White "Maili15"]
[Black "Makalexa"]
[Result "1/2-1/2"]
[WhiteElo "2300"]
[BlackElo "2150"]
[TimeControl "180+2"]
[EndTime "14:28:15 PST"]
[Termination "Game drawn by repetition"]

1. d4 Nf6 2. c4 g6 3. Nc3 Bg7 4. e4 d6 5. f4 O-O 6. Nf3 Na6 7. Be2 Re8 8. O-O c5 9. d5 e6 10. Nd2 exd5 11. cxd5 h5 12. h3 Rb8 13. Re1 Bd7 14. a4 Nc7 15. Bf3 b5 16. axb5 Nxb5 17. Nxb5 Bxb5 18. Rxa7 c4 19. Nb1 Nd7 20. Nc3 Nc5 21. Nxb5 Rxb5 22. Ra3 Nd3 23. Rxd3 cxd3 24. Qxd3 Qb6+ 25.
Be3 Qa5 26. Bd2 Qb6+ 27. Be3 Qb7 28. Bd4 Rb3 29. Qd2 Bxd4+ 30. Qxd4 Qb6 31. Qxb6 Rxb6 32. Re2 Reb8 33. e5 Rxb2 34. exd6 Rxe2 35. Bxe2 Rd8 36. Bf3 Rxd6 37. Kf2 Kg7 38. Ke3 Kf6 39. Kd4 Ke7 40. Kc5 Rd8 41. f5 Rc8+ 42. Kd4 Kd6 43. fxg6 fxg6 44. Be4 g5 45. Bg6 Ra8 46. Bxh5 Ra4+ 47. Ke3 Kxd5 48. Bf3+ Ke5 49. Kf2 Kf4 50. Bg4 Ra2+ 51.
Be2 Rb2 52. g3+ Kf5 53. h4 gxh4 54. gxh4 Kf4 55. h5 Rb3 56. Bc4 Rh3 57. Bf7 Rh2+ 58.
Kg1 Kg3 59. Bg6 Rb2 60. Kf1 Rh2 61. Ke1 Kf3 62. Kd1 Ke3 63. Kc1 Kd4 64. Kd1 Rg2 65. Kc1 Rh2 66. Kd1 Ke3 67. Kc1 Kd4 1/2-1/2